 Dungeon Crawl Stone Soup version 0.29.1-14-g9c671dbff4 (webtiles) character file.

Game seed: 7988976108492378314

53 Descartes the Poker (level 3, -5/26 HPs)
             Began as a Draconian Wanderer on Feb 20, 2023.
             Slain by a river rat (6 damage)
             ... on level 3 of the Dungeon.
             The game lasted 00:09:38 (2451 turns).

Descartes the Poker (Draconian Wanderer)            Turns: 2451, Time: 00:09:39

Health: -5/26      AC:  5    Str: 14    XL:     3   Next: 64%
Magic:  4/6        EV: 11    Int: 15    God:
Gold:   93         SH:  0    Dex:  9    Spells: 2/6 levels left

rFire   . . .      SeeInvis .   a - +2 spear
rCold   . . .      Faith    .   (no shield)
rNeg    . . .      Spirit   .   (body armour unavailable)
rPois   .          Reflect  .   (helmet restricted)
rElec   .          Harm     .   (no cloak)
rCorr   .          Rampage  .   (no gloves)
Will    .....                   (no boots)
Stlth   +.........              (no amulet)
HPRegen 0.08/turn               (no ring)
MPRegen 0.10/turn               (no ring)

@: very slightly contaminated, hasted, very quick
A: AC +5, unfitting armour, cold-blooded
a: no special abilities


You were on level 3 of the Dungeon.
You visited 1 branch of the dungeon, and saw 3 of its levels.

You collected 93 gold pieces.

Inventory:

Hand Weapons
 a - a +2 spear (weapon)
Wands
 b - a wand of polymorph (6)
 o - a wand of charming (7)
Scrolls
 c - a scroll of silence
 g - 3 scrolls of teleportation
 h - a scroll of noise
 i - a scroll of summoning
 l - a scroll of identify
 m - a scroll of immolation {unknown}
 n - 2 scrolls of magic mapping
 p - a scroll of enchant armour {unknown}
 q - a scroll of fear {unknown}
Potions
 d - a potion of haste
 e - a potion of invisibility {unknown}
 f - a potion of berserk rage {unknown}
 j - a potion of lignification {unknown}
 k - a potion of attraction {unknown}


   Skills:
 + Level 4.2 Polearms
 + Level 2.3 Spellcasting
 + Level 2.4 Transmutations
 + Level 1.1 Fire Magic
 + Level 1.0 Poison Magic
 + Level 2.4 Evocations


You had 2 spell levels left.
You knew the following spells:

 Your Spells              Type           Power      Damage    Failure   Level
a - Sting                 Tmut/Pois      24%        1d4       11%         1
b - Ignite Poison         Fire/Tmut/Pois 6%         N/A       34%         3

Your spell library contained the following spells:

 Spells                   Type           Power      Damage    Failure   Level
 Ensorcelled Hibernation  Hex/Ice        2%         N/A       32%         2
 Spider Form              Tmut/Pois      6%         N/A       32%         3
 Anguish                  Hex/Necr       0%         N/A       91%         4


Dungeon Overview and Level Annotations

Branches:
Dungeon (3/15)

Altars:

Shops:
D:2 (

Portals:
Sewer: D:3


Innate Abilities, Weirdness & Mutations

Your plain brown scales are hard. (AC +5)
You cannot fit into any form of body armour.
You are cold-blooded and may be slowed by cold attacks.


Message History

The river rat bites you.
You hit the river rat. You tail-slap the river rat.
The river rat is severely wounded.
The rat bites you but does no damage. The river rat barely misses you.
Casting: Sting (safe; 11% risk of failure)
Confirm with . or Enter, or press ? or * to list all spells.
Aiming: Sting (safe; 11% risk of failure)
Press: ? - help, Shift-Dir - straight line, f - river rat
Aim: a river rat (severely wounded, 64% to hit)
The sting misses the river rat.
The rat closely misses you. The river rat closely misses you.
Casting: Sting (safe; 11% risk of failure)
Confirm with . or Enter, or press ? or * to list all spells.
Aiming: Sting (safe; 11% risk of failure)
Press: ? - help, Shift-Dir - straight line, f/p - river rat
Aim: a river rat (severely wounded, 64% to hit)
You miscast Sting.
You are very lightly contaminated with residual magic.
Nothing appears to happen.
The rat bites you. The river rat bites you.
You barely miss the rat.
Unknown command.
You hit the rat.
You kill the rat!
The river rat bites you.
Found a thin smoking staff.
The river rat bites you.
You see here a rat corpse.
You barely miss the river rat.
You tail-slap the river rat, but do no damage.
The river rat is severely wounded.
The river rat barely misses you.
You hit the river rat.
The river rat is almost dead.
The river rat bites you.
* * * LOW HITPOINT WARNING * * *
You closely miss the river rat.
The river rat is almost dead.
The river rat bites you.
* * * LOW HITPOINT WARNING * * *
It was a potion of haste.
You feel yourself speed up. The river rat bites you.
You die...

*,,,,,,,,,* *********
*.........# **,,,*,,,*
*...~~~...###,,*,,*,,**##
*..~~~~~..#..,*,,*,,*,_#.
*..~~∩~~..#.#*,,*,,*,,##.
**..~~~~~..#.##,,,*,,,##..
*,|..~~~?..#..#**######...
*,........r#.###,#........
*,.......@.....#,#........
*,##.##....#.#.#+########.
*,,,,*##.#...#.........##.
****,,...#...#..........#.
*..######.#..........#.
#.,*,,,,#.#..........#.
#,,,,*,*#.##.........#.
*,,*,*,*#............#.
*,,*,*,*#....##!.....#.


You could see a river rat.

Vanquished Creatures
  A dart slug (D:1)
  3 endoplasms
  3 giant cockroaches
  3 hobgoblins
  7 jackals (D:1)
  A quokka (D:1)
  6 ball pythons
  9 bats
  3 frilled lizards (D:1)
  5 goblins
  2 kobolds (D:1)
  7 rats
50 creatures vanquished.

Notes
Turn   | Place    | Note
-------+----------+-------------------------------------------
     0 | D:1      | Descartes the Draconian Wanderer began the quest for the
                  | Orb.
     0 | D:1      | Descartes set off with the following items: a +2 spear, a
                  | wand of polymorph (6), a scroll of silence; and the
                  | following spell memorised: Sting; and the following spells
                  | available to memorise: Ignite Poison.
     0 | D:1      | Reached XP level 1. HP: 14/14 MP: 3/3
   477 | D:1      | Reached XP level 2. HP: 20/20 MP: 0/5
  1234 | D:1      | Reached XP level 3. HP: 26/26 MP: 0/6
  1393 | D:1      | Learned a level 3 spell: Ignite Poison
  1633 | D:2      | Reached skill level 1 in Fire Magic
  1771 | D:2      | Found a faded altar of an unknown god.
  1912 | D:2      | Found Reliec's Weapon Shoppe.
  1929 | D:2      | Reached skill level 1 in Poison Magic
  2434 | D:3      | Found a glowing drain.
  2450 | D:3      | HP: 1/26 [river rat (3)]
  2451 | D:3      | Slain by a river rat

Illustrated notes

Levels and vault maps discovered:
D:1:      minmay_arrival_jagged, layout_basic, kennysheep_pointless_box
D:2:      layout_loops_cross, hellmonk_ecumenical_altar_crossroads,
          serial_shops, shop
D:3:      layout_basic, marbit_many_paths, portal_sewer_entry_a

Skill      XL: |  1  2  3 |
---------------+----------+-----
Fire Magic     | 1 |  1.1
Poison Magic   | 1 |  1.0
Polearms       | |  4.2
Spellcasting   | |  2.3
Transmutations | |  2.4
Evocations     | |  2.4

Action                   || total
-------------------------++-------
Melee: Spear             ||    57
       Tailslap          ||     9
 Cast: Sting             ||    67
  Use: Scroll            ||     5
       Potion            ||     1
 Stab: Sleeping          ||     1
Armor: Skin              ||    31
Dodge: Dodged            ||    69
